Map: Terrasses de Prion

Players

Incunabula

  • Race: Zerg Zerg
  • League: Silver

pupu - Winner!

  • Race: Protoss Protoss
  • League: Silver

VOD

Have the link to the VOD?

Description

Time

  • Played on: April 1, 2016, 10:03 a.m.
  • Length: 7:12
Show
View Real Time Build Order
Export as new Build Order

Incunabula Zerg 

Build Orders: Hatch First 

Get SALT Encoding   

  12  0:01  Drone  
  13  0:13  Overlord  
  13  0:26  Drone  
  14  0:31  Drone x2  
  16  0:38  Drone  
  17  0:54  Hatchery  
  16  0:57  Drone  
  16  1:01  Drone  
  18  1:06  Extractor  
  18  1:10  Drone  
  18  1:23  Spawning Pool  
  18  1:25  Drone  
  18  1:32  Drone  
  19  1:42  Overlord  
  19  1:53  Drone  
  20  2:09  Queen  
  20  2:10  Queen  
  20  2:14  Metabolic Boost  
  24  2:16  Zergling x4  
  24  2:20  Drone  
  24  2:21  Drone  
  28  2:28  Drone x2  
  30  2:40  Overlord  
  30  2:42  Drone  
  31  2:50  Queen  
  33  2:52  Queen  
  35  3:06  Hatchery  
  35  3:09  Drone x2  
  36  3:14  Overlord  
  36  3:17  Drone  
  36  3:18  Drone  
  38  3:28  Drone x3  
  38  3:29  Drone x2  
  43  3:44  Roach Warren  
  43  3:48  Drone x3  
  43  3:49  Drone x2  
  47  4:08  Drone x5  
  47  4:09  Overlord  
  52  4:10  Overlord x2  
  52  4:27  Roach x3  
  58  4:38  Roach x4  
  66  4:50  Evolution Chamber x2, Extractor, Drone x3  
  66  4:51  Lair  
  66  5:04  Drone  
  66  5:05  Drone, Spore Crawler  
  67  5:07  Spore Crawler  
  67  5:09  Spore Crawler  
  67  5:13  Spore Crawler  
  59  5:40  Roach x3  
  65  5:43  Overlord x3  
  65  5:44  Overlord  
  65  5:51  Drone  
  66  6:06  Queen  
  66  6:24  Hatchery  
  65  6:28  Spore Crawler  
  60  6:35  Ravager x2  
  63  6:54  Drone x16  
  64  6:55  Drone x2  
Show
View Real Time Build Order
Export as new Build Order

pupu Protoss - Winner!

Build Orders: 1 Gate Expand, Oracle Opening 

Get SALT Encoding   

  12  0:01  Probe (Chrono Boost)  
  13  0:11  Probe (Chrono Boost)  
  14  0:18  Pylon  
  14  0:22  Probe (Chrono Boost)  
  15  0:36  Probe (Chrono Boost)  
  15  0:39  Gateway  
  16  0:47  Probe (Chrono Boost)  
  16  0:49  Assimilator  
  17  0:58  Probe (Chrono Boost)  
  18  1:08  Probe (Chrono Boost)  
  19  1:22  Probe (Chrono Boost)  
  20  1:28  Nexus  
  20  1:37  Cybernetics Core  
  20  1:41  Probe (Chrono Boost)  
  21  1:51  Probe (Chrono Boost)  
  22  1:56  Assimilator  
  22  2:02  Probe (Chrono Boost)  
  23  2:17  Warp Gate (Chrono Boost)  
  23  2:26  Pylon  
  23  2:37  Pylon  
  23  2:40  Stalker (Chrono Boost)  
  23  2:42  Probe x2  
  27  2:53  Pylon  
  27  3:04  Stargate  
  27  3:05  Probe  
  28  3:06  Probe  
  28  3:10  Adept (Chrono Boost)  
  31  3:16  Gateway  
  31  3:18  Gateway  
  31  3:22  Probe x2  
  31  3:24  Assimilator  
  33  3:31  Pylon  
  33  3:34  Probe  
  33  3:41  Adept (Chrono Boost)  
  36  3:46  Probe x2  
  38  3:53  Protoss Air Weapons Level 1  
  38  3:58  Probe x2  
  38  3:59  Oracle (Chrono Boost)  
  43  4:18  Sentry x2  
  43  4:22  Adept  
  49  4:25  Probe x2  
  49  4:29  Pylon  
  51  4:37  Forge  
  51  4:40  Oracle (Chrono Boost), Gateway  
  51  4:41  Gateway  
  54  4:52  Probe x2  
  56  4:58  Stalker x2  
  56  4:59  Stalker  
  62  5:08  Probe x2  
  62  5:13  Phoenix (Chrono Boost)  
  66  5:34  Probe x2  
  65  5:38  Void Ray (Chrono Boost)  
  69  5:49  Adept x3  
  75  6:11  Adept  
Tags
 
Add a new tag
Caveats
  • Supply blocks, unpowered buildings, or Contaminate may cause inaccurate times.
  • Supply counts are checked every 10 seconds.